AoeStats
← Joey-Noob-NL

African Clearing

503787568Analyzed
2v2 RM · 29d ago on Sep 2, 2026· 19m 37s· 4 players
Game mode
Random Map
Map size
Medium (4 player)
Population
200
Speed
Normal
Resources
Standard
Victory
Conquest
Starting age
Dark Age
Ending age
Imperial Age
RankedLock teamsTeams togetherTeam positionsShared explorationLock speedFull tech treeHidden civsTurbo modeCheats
Victory
Defeat
🇳🇱 Magyars · Netherlands
1355
+18
🇧🇪 Wei · Belgium
1279
+21
🇸🇪 Berbers · Sweden
1435
-21
🇮🇹 Huns · Italy
1369
-18
amaoko21
10:07 Loom
12:18 Feudal Age
16:28 Castle Age
14:46 Double-Bit Axe
17:52 Bow Saw
19:04 Horse Collar
pietro91
12:44 Feudal Age
16:52 Castle Age
15:29 Double-Bit Axe
15:37 Gold Mining
18:05 Loom
Joey-Noob-NL
9:18 Loom
12:48 Feudal Age
13:48 Double-Bit Axe
15:46 Bloodlines
16:57 Scale Barding Armor
18:49 Horse Collar
Palmari
5:48 Loom
12:34 Feudal Age
19:13 Castle Age
19:35 Bloodlines
19:32 Scale Barding Armor
Connection lost

Rejoining the realm…

Still unreachable

The connection could not be restored.

Session expired

The server has moved on; the page needs a fresh start.